 Dungeon Crawl Stone Soup version 0.28-a0-477-g0b43c73ce0 (webtiles) character file.

Game seed: 6286043511238620023

133 Dabor the Covert (level 4, -6/24 HPs)
             Began as a Spriggan Delver on Sept 17, 2021.
             Killed from afar by Natasha (9 damage)
             ... with a magic dart
             ... on level 2 of the Dungeon.
             The game lasted 00:08:05 (3123 turns).

Dabor the Covert (Spriggan Delver)                  Turns: 3123, Time: 00:08:05

Health: -6/24      AC:  4    Str:  9    XL:     4   Next: 94%
Magic:  5/5        EV: 18    Int: 11    God:
Gold:   125        SH:  0    Dex: 16    Spells: 3/3 levels left

rFire   . . .      SeeInvis +   n - +0 dagger (drain)
rCold   . . .      Faith    .   (shield restricted)
rNeg    . . .      Spirit   .   b - +1 robe
rPois   .          Reflect  .   (helmet restricted)
rElec   .          Harm     .   p - +0 cloak
rCorr   .          Rampage  .   (gloves unavailable)
Will    .....                   (boots unavailable)
Stlth   ++++......              (no amulet)
HPRegen 0.08/turn               (no ring)
MPRegen 0.09/turn               (no ring)

@: very quick
A: very small, no large weapons, unfitting armour, see invisible, speed 3
a: no special abilities


You were on level 2 of the Dungeon.
You visited 1 branch of the dungeon, and saw 4 of its levels.

You collected 125 gold pieces.

Inventory:

Hand Weapons
 a - a +0 short sword
 d - a +0 spear
 j - a +2 whip of draining
 n - a +0 dagger of draining (weapon)
Missiles
 s - a throwing net (quivered)
Armour
 b - a +1 robe (worn)
 p - a +0 cloak (worn)
Wands
 g - a wand of digging (3)
Scrolls
 c - a scroll of fog
 e - 2 scrolls of fear
 r - a scroll of vulnerability
Potions
 f - 2 potions of haste
 h - a potion of resistance
 i - a potion of mutation {unknown}
 k - a potion of degeneration
 l - a potion of flight {unknown}
 m - a potion of magic {unknown}
 o - a potion of berserk rage {unknown}
 q - a potion of ambrosia {unknown}


   Skills:
 + Level 3.1 Fighting
 + Level 3.4 Short Blades
 + Level 4.0 Dodging
 + Level 8.1 Stealth


You had 3 spell levels left.
You didn't know any spells.
Your spell library contained the following spells:

 Spells                   Type           Power      Damage    Failure   Level
 Magic Dart               Conj           0%         1d3       34%         1
 Call Imp                 Summ           0%         N/A       47%         2
 Slow                     Hex            0%         N/A       47%         2
 Confusing Touch          Hex            0%         N/A       71%         3
 Mephitic Cloud           Conj/Pois/Air  0%         N/A       71%         3
 Yara's Violent Unravell  Hex/Tmut       0%         3d3       100%        5


Dungeon Overview and Level Annotations

Branches:
Dungeon (5/15)
 Temple: D:4-7

Altars:
Kikubaaqudgha
Trog

Annotations:
D:2 Natasha


Innate Abilities, Weirdness & Mutations

You are very small and have problems with some larger weapons.
You are too small for most types of armour.
You have supernaturally acute eyesight. (SInv)
You cover ground extremely quickly. (Speed+++)


Message History

You hit the adder.
You kill the adder!
You hit the endoplasm but do no damage. The endoplasm freezes you.
You are frozen.
You hit the endoplasm. You drain the endoplasm.
You kill the endoplasm!
Natasha, Servant of Life and Death comes into view.
Natasha hisses angrily.
You hit Natasha but do no damage. Natasha barely misses you.
You barely miss Natasha. Natasha closely misses you.
You hit Natasha but do no damage. Natasha barely misses you.
You hit Natasha but do no damage.
Natasha mumbles some strange words.
You barely miss Natasha. Natasha barely misses you.
You barely miss Natasha. You completely miss Natasha.
Natasha barely misses you. The iron imp misses you.
You miss Natasha. Natasha claws you.
You hit Natasha. You drain Natasha.
Natasha is moderately wounded.
The iron imp completely misses you. Natasha claws you but does no damage.
You closely miss Natasha.
Natasha is moderately wounded.
Natasha barely misses you. The iron imp hits you.
You hit Natasha but do no damage. You drain Natasha.
Natasha is heavily wounded.
You hit Natasha but do no damage.
Natasha is heavily wounded.
Natasha claws you but does no damage. Natasha casts a spell at you.
The magic dart hits you!
* * * LOW HITPOINT WARNING * * *
You closely miss the iron imp. The iron imp misses you. Natasha claws you.
* * * LOW HITPOINT WARNING * * *
There is a stone staircase leading down here.
The iron imp disappears in a puff of smoke!
Natasha casts a spell at you. The magic dart hits you!
You die...

##......###.....#
.##..............#####
...........##........#
.#.....###.###.......#
...._...##.###.......#
#....)..##.....§.....# #####
#.......##......h....# ##...#
...##.#.....#........# ##.....
##..h.....#....÷@....# #......
###...###...#...†...## #......
#....###...#..#)#>..#####......
................................
#................####.####......
>.#...#..........# #.# #......
###......≈..≈≈...# #.# ##......
#..#....###≈...# #.. #...)... #.
#≈≈..#≈8≈...# ##.##.##...#


You could see Natasha (drained).

Vanquished Creatures
  Natasha (twice) (D:2)
  A hound zombie (D:5)
  Robin (D:2)
  2 adders
  A worm (D:3)
  An orc (D:3)
  A ball python (D:2)
  4 endoplasms
  A giant cockroach (D:3)
  8 goblins
  7 hobgoblins
  A quokka (D:3)
  A frilled lizard (D:2)
  5 kobolds
  A rat (D:3)
  A spectral goblin (D:2)
38 creatures vanquished.

Vanquished Creatures (others)
  A plant (D:4)
1 creature vanquished.

Grand Total: 39 creatures vanquished

Notes
Turn   | Place    | Note
-------+----------+-------------------------------------------
     0 | D:5      | Dabor the Spriggan Delver began the quest for the Orb.
     0 | D:5      | Reached XP level 1. HP: 11/11 MP: 2/2
   172 | D:5      | Reached XP level 2. HP: 6/16 MP: 3/3
   898 | D:4      | Noticed an ogre
  1147 | D:3      | Found an ancient bone altar of Kikubaaqudgha.
  1249 | D:3      | Reached XP level 3. HP: 18/19 MP: 4/4
  1843 | D:2      | Found a bloodstained altar of Trog.
  1847 | D:2      | Noticed Natasha
  1859 | D:2      | Killed Natasha
  1860 | D:2      | Reached XP level 4. HP: 9/23 MP: 5/5
  1922 | D:2      | Noticed Natasha
  2453 | D:2      | Killed Natasha
  2454 | D:2      | Reached skill level 8 in Stealth
  2533 | D:2      | Noticed Robin
  2953 | D:2      | Killed Robin
  3097 | D:2      | Noticed Natasha
  3123 | D:2      | Killed from afar by Natasha

Illustrated notes

Levels and vault maps discovered:
D:2:      layout_rooms, dreamdust_ecumenical_altar_drowned_temple, basic_altar,
          uniq_natasha, uniq_robin, uniq_sigmund
D:3:      layout_loops_ring, amcnicky_altar_gilded
D:4:      layout_rooms, minmay_misc_feat_room, minmay_shop_mass,
          serial_bayou_pond_d, uniq_grinder, uniq_crazy_yiuf_cottage
D:5:      layout_basic, grunt_dithmenos_smoke_and_mirrors, grunt_decor_cap,
          minivault_25, kennysheep_small_spiral, hangedman_decor_opposing,
          st_stairs_8

Skill      XL: |  1  2  3  4 |
---------------+-------------+-----
Dodging        | 3 4 |  4.0
Short Blades   | 3 |  3.4
Fighting       | 3 |  3.1
Stealth        | 8 |  8.1

Action                   |  1- 3 |  4- 6 || total
-------------------------+-------+-------++-------
Melee: Spear             |    92 |       ||    92
       Whip              |    11 |    31 ||    42
       Dagger            |       |    55 ||    55
Throw: Throwing net      |     1 |       ||     1
Evoke: Wand              |       |     1 ||     1
  Use: Scroll            |     4 |     1 ||     5
 Stab: Sleeping          |     7 |       ||     7
Armor: Robe              |    13 |    16 ||    29
Dodge: Dodged            |    54 |    63 ||   117

Table legend: (Time is in decaauts)
 A = Elapsed time spent in this place.
 B = Non-inter-level travel time spent in this place.
 C = Inter-level travel time spent in this place.
 D = Time resting spent in this place.
 E = Time spent auto-exploring this place.
 F = Levels seen in this place.
 G = Mean time per level.
                   A        B        C        D        E       F      G
               +--------+--------+--------+--------+--------+-----+--------+
         Total |   2634 |   2594 |     40 |    924 |   1101 |   4 |  658.5 |
       Dungeon |   2634 |   2594 |     40 |    924 |   1101 |   4 |  658.5 |
               +--------+--------+--------+--------+--------+-----+--------+

Top non-repeatable levels by time:
     D:3: 1309 daAuts
     D:5: 659 daAuts
     D:2: 567 daAuts
     D:4: 97 daAuts
